 Dungeon Crawl Stone Soup version 0.32-a0-519-g08f29ac1c3 (webtiles) character file.

Game seed: 18044290393245254973

84 shadizar the Magician (level 4, -5/31 HPs)
             Began as a Djinni Ice Elementalist on Feb 27, 2024.
             Slain by Grinder (6 damage)
             ... on level 3 of the Dungeon.
             The game lasted 00:03:02 (1599 turns).

shadizar the Magician (Djinni Ice Elementalist)     Turns: 1599, Time: 00:03:03

Health: -5/31      AC:  2    Str:  6    XL:     4   Next: 72%
Gold:   92         EV: 12    Int: 17    God:
                   SH:  0    Dex: 18

rFire   + + .        (no weapon)
rCold   x . .        (no shield)
rNeg    . . .        a - +0 robe
rPois   ∞            d - +0 helmet
rElec   .            (no cloak)
rCorr   .            (no gloves)
SInv    .            (boots unavailable)
Will    +....        (no amulet)
Stlth   ++           (no ring)
HPRegen 0.25/turn    (no ring)
MPRegen 0.00/turn

%: infuse magic (-6 HP)
@: freezing walls, flying
A: sickness immunity, fire resistance 2, cold vulnerability 1, float, innate
caster, HP casting, extra vitality 1, agile 1, deformed body, strong-willed 1
a: no special abilities


You were on level 3 of the Dungeon.
You visited 1 branch of the dungeon, and saw 3 of its levels.

You collected 92 gold pieces.

Inventory:

Hand Weapons
 i - a +1 mace of venom
Armour
 a - a +0 robe (worn)
 d - a +0 helmet (worn)
Jewellery
 g - an amulet of faith
Scrolls
 b - a scroll of revelation {unknown}
 f - 3 scrolls of fear {unknown}
 h - 4 scrolls of vulnerability {unknown}
 j - 3 scrolls of identify {unknown}
 l - a scroll of teleportation {unknown}
 o - a scroll of fog {unknown}
Potions
 c - a potion of ambrosia {unknown}
 e - a potion of mutation
 k - a potion of curing {unknown}
 m - a potion of brilliance {unknown}
 n - 2 potions of attraction {unknown}


   Skills:
 - Level 2.1 Dodging
 - Level 1.5 Stealth
 + Level 4.8 Spellcasting
 + Level 4.8 Conjurations
 + Level 4.8 Hexes
 + Level 4.8 Summonings
 + Level 4.8 Necromancy
 + Level 4.8 Translocations
 + Level 4.8 Fire Magic
 + Level 4.8 Ice Magic
 + Level 4.8 Air Magic
 + Level 4.8 Earth Magic
 + Level 4.8 Alchemy


You knew the following spells:

 Your Spells              Type           Power      Damage    Failure   Level
a - Freeze                Ice            80%        1d9       1%          1
b - Frozen Ramparts       Ice            40%        1d7       6%          3
c - Ozocubu's Armour      Ice            20%        N/A       6%          3
d - Summon Ice Beast      Ice/Summ       20%        N/A       6%          3
e - Kiss of Death         Conj/Necr      80%        2d11      1%          1
Your spell library was empty.

Dungeon Overview and Level Annotations

Branches:
Dungeon (3/15)

Altars:
Zin

Annotations:
D:3 Grinder


Innate Abilities, Weirdness & Mutations

You are immune to sickness and miasma.
You are immune to poison.
Your flesh is very heat resistant. (rF++)
You are vulnerable to cold. (rC-)
You float through the air rather than walking.
You learn spells naturally, not from books.
Your magical power is your life essence.
You have superior vitality. (+4 MHP)
You are agile. (Dex +4, Str/Int -1)
Armour fits poorly on your strangely shaped body.
You are strong-willed. (Will+)


Message History

Unknown command.
Unknown command.
Your ice beast hits Grinder.
Your ice beast freezes Grinder.
Grinder resists.
Grinder completely resists.
The wall freezes Grinder but does no damage.
Grinder hits your ice beast.
Your ice beast writhes in agony.
Casting: Summon Ice Beast (dangerous; 5% risk of failure)
Confirm with . or Enter, or press ? or * to list all spells.
Aiming: Freeze (safe; 1% risk of failure)
Press: ? - help, Shift-Dir - straight line, f - Grinder
Aim: Grinder (moderately wounded, ally target)
You freeze Grinder.
Grinder resists.
Grinder is moderately wounded.
* * * LOW HITPOINT WARNING * * *
Your ice beast hits Grinder.
Your ice beast freezes Grinder.
Grinder resists. x2
The wall freezes Grinder.
Grinder hits you but does no damage.
Unknown command.
Unknown command.
Unknown command.
Unknown command.
Unknown command.
Casting: Freeze (safe; 1% risk of failure)
Confirm with . or Enter, or press ? or * to list all spells.
You don't have enough health to cast this spell.
Unknown command.
Unknown command.
Unknown command.
Unknown command.
Unknown command.
Unknown command.
Unknown command.
Unknown command.
It was a potion of mutation.
You feel extremely strange.
Your body twists and deforms.
You feel agile.
You feel strong-willed.
Your ice beast hits Grinder.
Your ice beast freezes Grinder.
Grinder resists. x2
The wall freezes Grinder.
Grinder says, "Make like a tree!"
Grinder hits you.
You die...
Grinder says, "Now the real fun starts!"

#.# ##$#####
...... # ####
#.##.#.#
...#.##....#.##
......#.....
#.##.#.5#
#.....Y@#.#
##...)..[.#
#..<...###
#...).##
##...## ##.##
#.# #.. ###


You could see Grinder (ally target) and a friendly ice beast (summoned).

Vanquished Creatures
  Jessica (D:2)
  2 adders (D:2)
  A dart slug (D:2)
  An orc (D:3)
  5 endoplasms
  2 giant cockroaches
  6 goblins
  4 hobgoblins (D:1)
  A quokka (D:1)
  3 ball pythons (D:1)
  2 bats
  3 frilled lizards
  3 kobolds
  A rat (D:1)
35 creatures vanquished.

Notes
Turn   | Place    | Note
-------+----------+-------------------------------------------
     0 | D:1      | shadizar the Djinni Ice Elementalist began the quest for
                  | the Orb.
     0 | D:1      | shadizar set off with the following spells memorised:
                  | Freeze, Frozen Ramparts, Ozocubu's Armour, Summon Ice
                  | Beast.
     0 | D:1      | Reached XP level 1. HP: 15/15 MP: 0/0
   407 | D:1      | Reached XP level 2. HP: 16/21 MP: 0/0
   890 | D:2      | Reached XP level 3. HP: 24/25 MP: 0/0
   890 | D:2      | Learned a level 1 spell: Kiss of Death
  1055 | D:2      | Noticed Jessica
  1075 | D:2      | Killed Jessica
  1076 | D:2      | Reached XP level 4. HP: 15/31 MP: 0/0
  1244 | D:2      | Found a glowing silver altar of Zin.
  1569 | D:3      | Noticed Grinder
  1595 | D:3      | Paralysed by Grinder for 2 turns
  1599 | D:3      | Gained mutation: Armour fits poorly on your strangely
                  | shaped body. [potion of mutation]
  1599 | D:3      | Gained mutation: You are agile. (Dex +4, Str/Int -1)
                  | [potion of mutation]
  1599 | D:3      | Gained mutation: You are strong-willed. (Will+) [potion of
                  | mutation]
  1599 | D:3      | Slain by Grinder

Illustrated notes

Levels and vault maps discovered:
D:1:      minmay_arrival_shattered_statue, layout_basic, serial_aquarium,
          aquarium_bridge_square [aquarium_subvault_wall,
          aquarium_subvault_wall, aquarium_subvault_wall,
          aquarium_subvault_bridge], aquarium_window_1, aquarium_window_corner,
          aquarium_window_1, aquarium_view_4, aquarium_view_2d,
          aquarium_pool_side, chequers_serial_rivers_room_a, minmay_distorted
D:2:      layout_loops_ring, basic_altar, grunt_ministairs_15, uniq_jessica
D:3:      layout_loops_cross, chequers_ecumenical_altar_simple, uniq_grinder

Skill      XL: |  1  2 |
---------------+-------+-----
Spellcasting   | 4 |  4.8
Conjurations   | 4 |  4.8
Hexes          | 4 |  4.8
Summonings     | 4 |  4.8
Necromancy     | 4 |  4.8
Translocations | 4 |  4.8
Fire Magic     | 4 |  4.8
Ice Magic      | 4 |  4.8
Air Magic      | 4 |  4.8
Earth Magic    | 4 |  4.8
Alchemy        | 4 |  4.8
Dodging        | |  2.1
Stealth        | |  1.5

Action                     |  1- 3 |  4- 6 || total
---------------------------+-------+-------++-------
  Melee: Unarmed           |     3 |       ||     3
   Cast: Freeze            |    47 |    14 ||    61
         Summon Ice Beast  |       |     2 ||     2
         Frozen Ramparts   |       |     2 ||     2
    Use: Potion            |       |     1 ||     1
 Armour: Robe              |    24 |     9 ||    33
  Dodge: Dodged            |    27 |     4 ||    31

Table legend: (Time is in decaauts)
 A = Elapsed time spent in this place.
 B = Non-inter-level travel time spent in this place.
 C = Inter-level travel time spent in this place.
 D = Time resting spent in this place.
 E = Time spent auto-exploring this place.
 F = Levels seen in this place.
 G = Mean time per level.
                   A        B        C        D        E       F      G
               +--------+--------+--------+--------+--------+-----+--------+
         Total |   1598 |   1582 |     16 |      0 |   1331 |   3 |  532.7 |
       Dungeon |   1598 |   1582 |     16 |      0 |   1331 |   3 |  532.7 |
               +--------+--------+--------+--------+--------+-----+--------+

Top non-repeatable levels by time:
     D:1: 861 daAuts
     D:2: 707 daAuts
     D:3: 29 daAuts
